ITL
RICHMOND FLAIRS @ HAVANA ROLLERS
08/23/2027
 
TOP OF THE 1ST
Richmond Flairs batting - Pitching for Havana Rollers : RHP Ron Bartlett
Pitching: RHP Ron Bartlett
Batting: LHB Roland Jones 0-0: Ball
1-0: Ball
2-0: Called Strike
2-1: Ball
3-1: Base on Balls
Batting: SHB Carlos Reyes 0-0: Ball
1-0: DOUBLE (Line Drive, 7LD)
Roland Jones to third
Runner from 3rd tries for Home, throw and OUT!
Batting: RHB Elliott Johnston 0-0: Foul Ball, location: 2F
0-1: Called Strike
0-2: Foul Ball, location: 2F
0-2: Strikes out looking
Batting: LHB Luis Villa 0-0: DOUBLE (Flyball, 9LM)
Carlos Reyes scores
Batting: LHB R.J. Courtney 0-0: Ball
1-0: Swinging Strike
1-1: Called Strike
1-2: Foul Ball, location: 2F
1-2: Strikes out swinging, 2-3 out at first.
Top of the 1st over - 1 run(s), 2 hit(s), 0 error(s), 1 left on base; Richmond 1 - Havana 0
BOTTOM OF THE 1ST
Havana Rollers batting - Pitching for Richmond Flairs : RHP Hyeong-uk Yi
Pitching: RHP Hyeong-uk Yi
Batting: LHB Rafael Delgado 0-0: Ball
1-0: Ball
2-0: Foul Ball, location: 2F
2-1: Foul Ball, location: 2F
2-2: Ground out 3-1 (Groundball, 34)
Batting: RHB Jack Bailey 0-0: SINGLE (Groundball, 56) (infield hit)
Batting: SHB Chris Bennis 0-0: Ball
1-0: Ball
2-0: Ball
3-0: Called Strike
3-1: Base on Balls
Jack Bailey to second
Batting: LHB Enrique Cortéz 0-0: Foul Ball, location: 2F
0-1: Swinging Strike
0-2: Ball
1-2: 3-RUN HOME RUN (Flyball, 9LD), Distance : 363 ft
Batting: LHB Phil Smith 0-0: SOLO HOME RUN (Flyball, 9D), Distance : 384 ft
Batting: RHB Soshu Nakamura 0-0: Called Strike
0-1: Ball
1-1: Ground out 6-3 (Groundball, 6)
Batting: RHB Francisco Rincón 0-0: Ball
1-0: Foul Ball, location: 2F
1-1: Swinging Strike
1-2: Strikes out swinging
Bottom of the 1st over - 4 run(s), 3 hit(s), 0 error(s), 0 left on base; Richmond 1 - Havana 4
TOP OF THE 2ND
Richmond Flairs batting - Pitching for Havana Rollers : RHP Ron Bartlett
Batting: RHB R.J. Crosby 0-0: Ball
1-0: Foul Ball, location: 2F
1-1: SOLO HOME RUN (Flyball, 9D), Distance : 380 ft
Batting: SHB Adrián Miranda 0-0: Foul Ball, location: 2F
0-1: Ball
1-1: Foul Ball, location: 2F
1-2: Ball
2-2: Ground out 4-3 (Groundball, 34D)
Batting: RHB Christian Hudson 0-0: Ball
1-0: Swinging Strike
1-1: Ball
2-1: Ball
3-1: Base on Balls
Batting: RHB Ray Yates 0-0: Ball
1-0: Called Strike
1-1: Called Strike
1-2: Fielders Choice at 2nd, 6-4 (Groundball, 56)
Batting: LHB Roland Jones 0-0: Ball
Ray Yates is caught stealing 2nd base
Top of the 2nd over - 1 run(s), 1 hit(s), 0 error(s), 0 left on base; Richmond 2 - Havana 4
BOTTOM OF THE 2ND
Havana Rollers batting - Pitching for Richmond Flairs : RHP Hyeong-uk Yi
Batting: LHB Dave Gordon 0-0: Ball
1-0: Ball
2-0: SINGLE (Line Drive, 6D)
Batting: LHB Juan Romero 0-0: SINGLE (Flyball, 8LS)
Dave Gordon to second
Batting: LHB Rafael Delgado 0-0: Called Strike
0-1: Fly out, F8 (Flyball, 8RD)
Runner from 2nd tags up, SAFE at 3rd, no throw
Batting: RHB Jack Bailey 0-0: Ball
1-0: Ball
2-0: Called Strike
2-1: Foul Ball, location: 2F
2-2: Foul Ball, location: 2F
2-2: Ball
3-2: SINGLE (Line Drive, 4D)
Dave Gordon scores
Juan Romero to second
Runner from 2nd tries for 3rd, OUT!
Batting: SHB Chris Bennis 0-0: Ball
1-0: SINGLE (Groundball, 34D)
Jack Bailey to second
Runner from 2nd tries for 3rd, SAFE, throw made to third
Batting: LHB Enrique Cortéz 0-0: Swinging Strike
0-1: Ball
1-1: Fly out, F9 (Flyball, 9S)
Bottom of the 2nd over - 1 run(s), 4 hit(s), 0 error(s), 2 left on base; Richmond 2 - Havana 5
TOP OF THE 3RD
Richmond Flairs batting - Pitching for Havana Rollers : RHP Ron Bartlett
Batting: LHB Roland Jones 0-0: Swinging Strike
0-1: Foul Ball, location: 2F
0-2: Foul Ball, location: 2F
0-2: Ball
1-2: Foul Ball, location: 2F
1-2: Ball
2-2: Foul Ball, location: 2F
2-2: Strikes out swinging
Batting: SHB Carlos Reyes 0-0: Ball
1-0: Ball
2-0: Foul Ball, location: 2F
2-1: Foul Ball, location: 2F
2-2: Ball
3-2: Foul Ball, location: 2F
3-2: SINGLE (Groundball, 3) (infield hit)
Batting: RHB Elliott Johnston 0-0: Called Strike
0-1: Ball
1-1: Ball
2-1: Foul Ball, location: 2F
2-2: Foul Ball, location: 2F
2-2: Strikes out swinging
Batting: LHB Luis Villa 0-0: Called Strike
0-1: Ball
1-1: Ball
Wild Pitch!
Carlos Reyes to second
2-1: Called Strike
2-2: Ball
3-2: Strikes out swinging, 2-3 out at first.
Top of the 3rd over - 0 run(s), 1 hit(s), 0 error(s), 1 left on base; Richmond 2 - Havana 5
BOTTOM OF THE 3RD
Havana Rollers batting - Pitching for Richmond Flairs : RHP Hyeong-uk Yi
Batting: LHB Phil Smith 0-0: Called Strike
0-1: Ball
1-1: Swinging Strike
1-2: Strikes out looking
Batting: RHB Soshu Nakamura 0-0: Ball
1-0: SINGLE (Line Drive, 8RS)
Batting: RHB Francisco Rincón 0-0: Called Strike
0-1: Ball
1-1: Ball
2-1: Called Strike
2-2: Strikes out swinging
Batting: LHB Dave Gordon 0-0: Ball
1-0: Called Strike
1-1: Foul Ball, location: 2F
1-2: Ball
2-2: Ball
3-2: Strikes out swinging
Bottom of the 3rd over - 0 run(s), 1 hit(s), 0 error(s), 1 left on base; Richmond 2 - Havana 5
TOP OF THE 4TH
Richmond Flairs batting - Pitching for Havana Rollers : RHP Ron Bartlett
Batting: LHB R.J. Courtney 0-0: Ball
1-0: Ball
2-0: Foul Ball, location: 2F
2-1: Reached on error, E6 (Groundball, 6)
Batting: RHB R.J. Crosby 0-0: Called Strike
0-1: Foul Ball, location: 2F
0-2: Foul Ball, location: 2F
0-2: Foul Ball, location: 2F
0-2: Ball
1-2: Grounds into double play, 6-4-3 (Groundball, 56)
Batting: SHB Adrián Miranda 0-0: Ball
1-0: Ground out 4-3 (Groundball, 4)
Top of the 4th over - 0 run(s), 0 hit(s), 1 error(s), 0 left on base; Richmond 2 - Havana 5
BOTTOM OF THE 4TH
Havana Rollers batting - Pitching for Richmond Flairs : RHP Hyeong-uk Yi
Batting: LHB Juan Romero 0-0: Ground out 5-3 (Groundball, 56)
Batting: LHB Rafael Delgado 0-0: Fly out, F8 (Flyball, 78M)
Batting: RHB Jack Bailey 0-0: Ball
1-0: Called Strike
1-1: Foul Ball, location: 2F
1-2: Foul Ball, location: 2F
1-2: Foul Ball, location: 2F
1-2: Ball
2-2: Ball
3-2: Fly out, F8 (Line Drive, 8RXD)
Bottom of the 4th over - 0 run(s), 0 hit(s), 0 error(s), 0 left on base; Richmond 2 - Havana 5
TOP OF THE 5TH
Richmond Flairs batting - Pitching for Havana Rollers : RHP Ron Bartlett
Batting: RHB Christian Hudson 0-0: Ball
1-0: Swinging Strike
1-1: Foul Ball, location: 2F
1-2: Foul Ball, location: 2F
1-2: Strikes out looking
Batting: RHB Ray Yates 0-0: Ball
1-0: Fly out, F5 (Line Drive, 56)
Batting: LHB Roland Jones 0-0: Ball
1-0: Called Strike
1-1: Ball
2-1: Ball
3-1: Swinging Strike
3-2: SINGLE (Flyball, 78S)
Batting: SHB Carlos Reyes 0-0: Ball
1-0: Foul Ball, location: 2F
1-1: Ground out U3 (Groundball, 3)
Top of the 5th over - 0 run(s), 1 hit(s), 0 error(s), 1 left on base; Richmond 2 - Havana 5
BOTTOM OF THE 5TH
Havana Rollers batting - Pitching for Richmond Flairs : RHP Hyeong-uk Yi
Pitching: RHP Octávio Morín
Batting: SHB Chris Bennis 0-0: SOLO HOME RUN (Flyball, 9D), Distance : 390 ft
Batting: LHB Enrique Cortéz 0-0: Ball
1-0: Foul Ball, location: 2F
1-1: Foul Ball, location: 2F
1-2: SINGLE (Line Drive, 8LS)
Batting: LHB Phil Smith 0-0: Called Strike
0-1: Called Strike
0-2: Ball
1-2: Ball
2-2: 2-RUN HOME RUN (Flyball, 9D), Distance : 403 ft
Pitching: RHP Luis Bruno
Batting: RHB Soshu Nakamura 0-0: Called Strike
0-1: Ground out 4-3 (Groundball, 4)
Batting: RHB Francisco Rincón 0-0: Ball
1-0: Foul Ball, location: 2F
1-1: Called Strike
1-2: Ball
2-2: Strikes out swinging
Batting: LHB Dave Gordon 0-0: Called Strike
0-1: Foul Ball, location: 2F
0-2: Ball
1-2: Foul Ball, location: 2F
1-2: Ball
2-2: Strikes out swinging
Bottom of the 5th over - 3 run(s), 3 hit(s), 0 error(s), 0 left on base; Richmond 2 - Havana 8
TOP OF THE 6TH
Richmond Flairs batting - Pitching for Havana Rollers : RHP Ron Bartlett
Batting: RHB Elliott Johnston 0-0: Ground out 5-3 (Groundball, 5S)
Batting: LHB Luis Villa 0-0: Fly out, F7 (Flyball, 78XD)
Batting: LHB R.J. Courtney 0-0: Foul Ball, location: 2F
0-1: Ball
1-1: Ball
2-1: Ball
3-1: Fly out, F7 (Line Drive, 7S)
Top of the 6th over - 0 run(s), 0 hit(s), 0 error(s), 0 left on base; Richmond 2 - Havana 8
BOTTOM OF THE 6TH
Havana Rollers batting - Pitching for Richmond Flairs : RHP Luis Bruno
Batting: LHB Juan Romero 0-0: Ball
1-0: SINGLE (Line Drive, 3D)
Batting: LHB Rafael Delgado 0-0: Ball
1-0: Called Strike
1-1: Called Strike
1-2: Ball
2-2: Ball
3-2: Grounds into double play, 6-4-3 (Groundball, 6)
Batting: RHB Jack Bailey 0-0: Ball
1-0: Foul Ball, location: 2F
1-1: Foul Ball, location: 2F
1-2: Ball
2-2: Ball
3-2: Foul Ball, location: 2F
3-2: SINGLE (Groundball, 56S) (infield hit)
Batting: SHB Chris Bennis 0-0: Ball
Jack Bailey is caught stealing 2nd base
Bottom of the 6th over - 0 run(s), 2 hit(s), 0 error(s), 0 left on base; Richmond 2 - Havana 8
TOP OF THE 7TH
Richmond Flairs batting - Pitching for Havana Rollers : RHP Ron Bartlett
Pitching: RHP José Ramírez
Batting: RHB R.J. Crosby 0-0: Ball
1-0: Called Strike
1-1: Swinging Strike
1-2: SINGLE (Groundball, 56D)
Batting: SHB Adrián Miranda 0-0: Swinging Strike
0-1: Foul Ball, location: 2F
0-2: Grounds into double play, 4-6-3 (Groundball, 4)
Batting: RHB Christian Hudson 0-0: Called Strike
0-1: Ball
1-1: Swinging Strike
1-2: Ball
2-2: Ball
3-2: Foul Ball, location: 2F
3-2: Foul Ball, location: 2F
3-2: Foul Ball, location: 2F
3-2: Foul Ball, location: 2F
3-2: Strikes out swinging
Top of the 7th over - 0 run(s), 1 hit(s), 0 error(s), 0 left on base; Richmond 2 - Havana 8
BOTTOM OF THE 7TH
Havana Rollers batting - Pitching for Richmond Flairs : RHP Luis Bruno
Batting: SHB Chris Bennis 0-0: Foul Ball, location: 2F
0-1: Ball
1-1: Swinging Strike
1-2: Ball
2-2: DOUBLE (Line Drive, 7LM)
Batting: LHB Enrique Cortéz 0-0: Ground out U3 (Groundball, 3)
Chris Bennis to third
Batting: LHB Phil Smith 0-0: Called Strike
0-1: Foul Ball, location: 2F
0-2: Ball
1-2: Fly out, F9 (Flyball, 9S)
Batting: RHB Soshu Nakamura 0-0: Ground out 4-3 (Groundball, 4)
Bottom of the 7th over - 0 run(s), 1 hit(s), 0 error(s), 1 left on base; Richmond 2 - Havana 8
TOP OF THE 8TH
Richmond Flairs batting - Pitching for Havana Rollers : RHP José Ramírez
Now at 1B: Zhi-huan Loong
Batting: RHB Ray Yates 0-0: Ball
1-0: Swinging Strike
1-1: Foul Ball, location: 2F
1-2: Foul Ball, location: 2F
1-2: Foul Ball, location: 2F
1-2: Ball
2-2: Strikes out swinging
Batting: LHB Roland Jones 0-0: Called Strike
0-1: Ball
1-1: Ground out U3 (Groundball, 34)
Batting: SHB Carlos Reyes 0-0: Ball
1-0: Ball
2-0: Ball
3-0: Called Strike
3-1: Ground out 6-3 (Groundball, 6)
Top of the 8th over - 0 run(s), 0 hit(s), 0 error(s), 0 left on base; Richmond 2 - Havana 8
BOTTOM OF THE 8TH
Havana Rollers batting - Pitching for Richmond Flairs : RHP Luis Bruno
Pitching: RHP Lorenzo Ramos
Batting: RHB Francisco Rincón 0-0: Ball
1-0: Ball
2-0: Ball
3-0: Called Strike
3-1: Ground out 5-3 (Groundball, 5S)
Batting: LHB Dave Gordon 0-0: Ball
1-0: Foul Ball, location: 2F
1-1: Ground out 6-3 (Groundball, 6)
Batting: LHB Juan Romero 0-0: Ball
1-0: Fly out, F7 (Flyball, 7D)
Bottom of the 8th over - 0 run(s), 0 hit(s), 0 error(s), 0 left on base; Richmond 2 - Havana 8
TOP OF THE 9TH
Richmond Flairs batting - Pitching for Havana Rollers : RHP José Ramírez
Now in LF: Paul Bailey
Batting: RHB Elliott Johnston 0-0: Called Strike
0-1: Fly out, F6 (Popup, 5D)
Batting: LHB Luis Villa 0-0: Called Strike
0-1: Foul Ball, location: 2F
0-2: Ground out U3 (Groundball, 34)
Batting: LHB R.J. Courtney 0-0: Ball
1-0: Called Strike
1-1: Ball
2-1: Ball
3-1: Called Strike
3-2: Strikes out looking
Top of the 9th over - 0 run(s), 0 hit(s), 0 error(s), 0 left on base; Richmond 2 - Havana 8
Thursday, March 30th, 2017 - OOTP Baseball 17.12 Build 75